AoeStats
← voodoomsr

Four Lakes

509955328Analyzed
1v1 RM · 3d ago on Sep 28, 2026· 41m 18s· 2 players
Game mode
Random Map
Map size
Tiny (2 player)
Population
200
Speed
Normal
Resources
Standard
Victory
Conquest
Starting age
Dark Age
Ending age
Imperial Age
RankedLock teamsTeams togetherTeam positionsShared explorationLock speedFull tech treeHidden civsTurbo modeCheats
Victory
Defeat
🇲🇽 Poles · Mexico
1373
+16
🇨🇱 Varangians · Chile
1369
-16
voodoomsr
7:44 Loom
9:35 Feudal Age
12:01 Double-Bit Axe
20:04 Castle Age
18:10 Fletching
19:08 Fishing Lines
20:12 Padded Archer Armor
21:39 Bloodlines
21:44 Gillnets
22:43 Light Cavalry
23:28 Husbandry
24:12 Bodkin Arrow
28:25 Leather Archer Armor
29:47 Ballistics
30:49 Scale Barding Armor
32:19 Wheelbarrow
34:13 Chain Barding Armor
35:03 Hand Cart
35:28 Murder Holes
35:00 Pikeman
37:12 Squires
41:09 Imperial Age
40:28 Gold Mining
40:20 Horse Collar
40:51 Bow Saw
GLyBO
7:38 Loom
7:49 Loom
10:03 Feudal Age
16:38 Castle Age
16:07 Forging
16:03 Double-Bit Axe
15:59 Horse Collar
16:56 Pikeman
17:53 Heavy Plow
20:22 Wheelbarrow
20:56 Stone Mining
22:17 Stone Shaft Mining
23:22 Gold Mining
25:02 Fletching
26:39 Bodkin Arrow
26:06 Elite Skirmisher
27:20 Town Watch
28:06 Ballistics
27:51 Padded Archer Armor
32:00 Imperial Age
30:05 Scale Barding Armor
31:14 Chain Barding Armor
30:20 Light Cavalry
31:10 Bloodlines
31:45 Husbandry
32:22 Iron Casting
33:07 Lechitic Legacy
33:09 Conscription
34:22 Blast Furnace
37:16 Chemistry
37:28 Bracer
37:17 Winged Hussar
38:52 Leather Archer Armor
38:37 Scale Mail Armor
42:06 Bow Saw
42:27 Crop Rotation
Connection lost

Rejoining the realm…

Still unreachable

The connection could not be restored.

Session expired

The server has moved on; the page needs a fresh start.